 Dungeon Crawl Stone Soup version 0.22-a0-266-g5fdf0d7 (webtiles) character file.

917 nikopol the Magician (level 7, -14/35 (36) HPs)
             Began as a Deep Elf Fire Elementalist on Mar 8, 2018.
             Was a Follower of Sif Muna.
             Shot with an arrow by a centaur (15 damage)
             ... on level 5 of the Dungeon.
             The game lasted 00:16:24 (5124 turns).

nikopol the Magician (Deep Elf Fire Elementalist)   Turns: 5124, Time: 00:16:25

HP:   -14/35 (36)   AC:  3    Str:  5    XL:     7   Next: 83%
MP:   19/19         EV: 13    Int: 22    God:    Sif Muna [*.....]
Gold: 233           SH:  0    Dex: 15    Spells: 10/20 levels left

rFire    + . .     SeeInvis .   r - staff of fire
rCold    . . .     Gourm    .   (no shield)
rNeg     . . .     Faith    .   a - +1 robe
rPois    .         Spirit   .   (no helmet)
rElec    .         Reflect  .   (no cloak)
rCorr    .         Harm     .   (no gloves)
MR       .....                  (no boots)
Stlth    ++........             (no amulet)
HPRegen  0.11/turn              (no ring)
MPRegen  0.16/turn              (no ring)

@: flying, invisible
A: no striking features
a: Divine Energy, Renounce Religion


You were on level 5 of the Dungeon.
You worshipped Sif Muna.
Sif Muna was aware of your devotion.
You were not hungry.

You visited 1 branch of the dungeon, and saw 5 of its levels.

You collected 233 gold pieces.

Inventory:

Armour
 a - a +1 robe (worn)
Magical Staves
 r - an uncursed staff of fire (weapon)
Wands
 n - a wand of digging (10)
Scrolls
 d - 3 scrolls of blinking {unknown}
 e - 3 scrolls of identify
 f - 2 scrolls of enchant armour
 g - 2 scrolls of remove curse {unknown}
 h - 4 scrolls of immolation {unknown}
 i - 2 scrolls of fog {unknown}
 j - 2 scrolls of noise {unknown}
 k - 3 scrolls of amnesia {unknown}
 o - a scroll of enchant weapon {unknown}
 s - a scroll of fear {unknown}
Potions
 b - 2 potions of curing
 l - 3 potions of degeneration
 m - a potion of cancellation {unknown}
 p - a potion of flight
 q - a potion of invisibility
Comestibles
 c - 9 rations


   Skills:
 + Level 0.3 Fighting
 + Level 3.2 Dodging
 + Level 3.6 Stealth
 + Level 7.3 Spellcasting
 + Level 4.7 Conjurations
 + Level 6.5 Fire Magic


You had 10 spell levels left.
You knew the following spells:

 Your Spells              Type           Power        Failure   Level  Hunger
a - Flame Tongue          Conj/Fire      #####        1%          1    None
b - Throw Flame           Conj/Fire      #####.       1%          2    None
c - Conjure Flame         Conj/Fire      #####...     2%          3    None
d - Sticky Flame          Conj/Fire      #####...     8%          4    ###....


Dungeon Overview and Level Annotations

Branches:
Dungeon (5/15)             Temple (0/1) D:4

Altars:
Dithmenos
Fedhas
Sif Muna
Trog
Wu Jian

Annotations:
D:5 Edmund, Prince Ribbit


Message History

As you read the scroll labeled NAACWO XOHUPLE, it crumbles to dust.
It is a scroll of identify.
l - 3 potions of degeneration The centaur shoots an arrow.
The arrow completely misses you.
As you read the scroll labeled TOUWUFU MOHUN, it crumbles to dust.
It is a scroll of enchant armour.
Your +0 robe glows green for a moment.
The centaur shoots an arrow.
The arrow hits you.
* * * LOW HITPOINT WARNING * * *
The centaur shoots an arrow.
The arrow barely misses you.
Okay, then.
Okay, then.
It was a potion of flight.
You feel very buoyant.
You fly up into the air.
The centaur shoots an arrow.
The arrow hits you.
* * * LOW HITPOINT WARNING * * *
It was a potion of invisibility.
You fade into invisibility!
The centaur shoots an arrow.
The arrow hits you!
You die...

#.........# #..
#.#######[# #.. #.#
#.# #######.. #.# #.#
#>....... #.# #.#
#.###.#.. #.# #.#
#.#...### #.# #.#
#.#.#####
#.#######.###........
#...@.(.#.......#####
#######c######### #(#
#####.#########
#....@c........
#..[..F........
#.....(.c......
#####..........
###...#####


You could see a centaur.

Vanquished Creatures
  A sky beast (D:4)
  2 phantoms
  An ogre (D:4)
  A necrophage (D:5)
  A bullfrog (D:3)
  2 howler monkeys (D:4)
  An orc priest (D:3)
  2 hounds
  Natasha (twice) (D:3)
  8 adders
  4 worms
  4 dart slugs
  6 leopard geckos
  9 orcs
  4 giant cockroaches
  8 goblins
  9 hobgoblins
  14 jackals
  2 kobolds
  4 quokkas
  2 ball pythons
  9 bats
  3 frilled lizards
  A quokka skeleton (D:4)
  7 rats
107 creatures vanquished.

Notes
Turn   | Place    | Note
-------+----------+-------------------------------------------
     0 | D:1      | nikopol the Deep Elf Fire Elementalist began the quest for the Orb.
     0 | D:1      | Reached XP level 1. HP: 10/10 MP: 6/6
   201 | D:1      | Reached XP level 2. HP: 15/15 MP: 5/8
   565 | D:1      | Reached XP level 3. HP: 18/19 MP: 1/10
  1244 | D:2      | Reached XP level 4. HP: 24/24 MP: 8/11
  1325 | D:2      | Found a blossoming altar of Fedhas.
  1368 | D:2      | HP: 1/24 [adder (2)]
  1371 | D:2      | Reached skill level 4 in Spellcasting
  2154 | D:2      | Found a deep blue altar of Sif Muna.
  2157 | D:2      | Became a worshipper of Sif Muna the Loreminder
  2243 | D:3      | Noticed a phantom
  2257 | D:3      | Killed a phantom
  2257 | D:3      | Reached XP level 5. HP: 18/28 MP: 4/14
  2261 | D:3      | Learned a level 2 spell: Throw Flame
  2265 | D:3      | Learned a level 3 spell: Conjure Flame
  2270 | D:3      | Learned a level 4 spell: Sticky Flame
  2340 | D:3      | Reached skill level 5 in Spellcasting
  2340 | D:3      | Reached skill level 5 in Fire Magic
  2519 | D:3      | Reached XP level 6. HP: 31/32 MP: 8/15
  2961 | D:3      | Noticed Natasha
  2968 | D:3      | Killed Natasha
  3390 | D:3      | Noticed Natasha
  3396 | D:3      | Killed Natasha
  3396 | D:3      | Reached * piety under Sif Muna
  3590 | D:4      | Found an ornate altar of the Wu Jian Council.
  3590 | D:4      | Found a shadowy altar of Dithmenos.
  3731 | D:4      | Reached skill level 6 in Spellcasting
  3928 | D:4      | Noticed a sky beast
  3935 | D:4      | Killed a sky beast
  3935 | D:4      | Reached XP level 7. HP: 28/36 MP: 7/18
  4241 | D:4      | Reached skill level 7 in Spellcasting
  4388 | D:4      | Found a bloodstained altar of Trog.
  4404 | D:4      | Found a staircase to the Ecumenical Temple.
  4875 | D:5      | Entered Level 5 of the Dungeon
  5106 | D:5      | Noticed Edmund
  5110 | D:5      | Noticed Prince Ribbit
  5123 | D:5      | HP: 1/35 [centaur/arrow (2)]
  5124 | D:5      | Shot with an arrow by a centaur

Vault maps used:
D:1:      nicolae_arrival_memento_mori
D:2:      lemuel_blue_sif_altar, fedhas_altar_3
D:3:      minmay_box_of_dots, uniq_natasha
D:4:      grunt_temple_overflow_open, kennysheep_mini, minmay_temple_entry_grid,
          first_ration
D:5:      serial_shops, nicolae_shop_crystal, uniq_edmund, uniq_prince_ribbit1

Skill      XL: |  1  2  3  4  5  6  7 |
---------------+----------------------+-----
Fire Magic     | 4 5 6 |  6.5
Conjurations   | 2 3 4 |  4.7
Spellcasting   | 4 5 6 7 |  7.3
Dodging        | 3 |  3.2
Stealth        | 3 |  3.6
Fighting       | |  0.3

Action                   |  1- 3 |  4- 6 |  7- 9 || total
-------------------------+-------+-------+-------++-------
 Cast: Flame Tongue      |    69 |   133 |    28 ||   230
       Sticky Flame      |       |     4 |     5 ||     9
       Throw Flame       |       |     7 |     5 ||    12
       Conjure Flame     |       |     1 |       ||     1
  Use: Potion            |       |     1 |     2 ||     3
       Scroll            |       |       |     2 ||     2
  Eat: Chunk             |     1 |     9 |     4 ||    14
Armor: Robe              |     4 |     7 |       ||    11
Dodge: Dodged            |    23 |    30 |    11 ||    64

Table legend:
 A = Spawn XP
 B = Non-spawn XP
 C = Spawn XP percentage of total XP
 D = Spawn monster count
 E = Non-spawn monster count
 F = Spawn count percentage of total count
 G = Total turns spent on level
                    A         B        C        D         E        F      G
               +---------+---------+-------+---------+---------+-------+---------
         Total |       0 |    1311 |   0.0 |       0 |     107 |   0.0 |  5124
               +---------+---------+-------+---------+---------+-------+---------
           D:1 |       0 |      58 |   0.0 |       0 |      30 |   0.0 |   925
           D:2 |       0 |     118 |   0.0 |       0 |      26 |   0.0 |  1303
           D:3 |       0 |     405 |   0.0 |       0 |      34 |   0.0 |  1362
           D:4 |       0 |     564 |   0.0 |       0 |      13 |   0.0 |  1285
           D:5 |       0 |     166 |   0.0 |       0 |       4 |   0.0 |   249
               +---------+---------+-------+---------+---------+-------+---------
